 Dungeon Crawl Stone Soup version 0.18-a0-641-g4caf58e (webtiles) character file.

370354 Arkorax the Acrobat (level 23, -66/171 HPs)
             Began as a Halfling Gladiator on Dec 5, 2015.
             Was the Champion of Okawaru.
             Killed from afar by an iron giant (69 damage)
             ... with an iron shot
             ... while paralysed by a vampire knight
             ... on level 2 of the Depths.
             The game lasted 02:38:09 (52617 turns).

Arkorax the Acrobat (Halfling Gladiator)           Turns: 52617, Time: 02:38:10

Health: -66/171    AC: 33    Str: 26    XL:     23   Next: 71%
Magic:  14/14      EV: -2    Int:  8    God:    Okawaru [******]
Gold:   2626       SH:  0    Dex: 24    Spells: 6 memorised, 3 levels left

rFire  + . .     SeeInvis .     B - +9 lajatang (elec)
rCold  . . .     Clarity  .     q - +8 pearl dragon armour
rNeg   + + .     SustAt   .     (shield currently unavailable)
rPois  +         Gourm    .     c - +2 helmet
rElec  .         Spirit   .     y - +2 cloak
rCorr  +         Dismiss  .     F - +0 pair of gloves {Dex+3}
rMut   .         Stasis   .     x - +0 pair of boots of the Nexus {rN+ MR+ rCorr MP-9}
MR     ++...                    h - amulet of regeneration
Stlth  ..........               I - ring "Hyroqimn" {*Drain rPois rF+ Str+4}
                                A - ring of Bueru {Str+4 Slay+5}

@: paralysed, very resistant to hostile enchantments, extremely unstealthy
A: mutation resistance 1
a: Heroism, Finesse, Renounce Religion
}: 2/15 runes: serpentine, barnacled


You were on level 2 of the Depths.
You worshipped Okawaru.
Okawaru was exalted by your worship.
You were not hungry.

You visited 9 branches of the dungeon, and saw 43 of its levels.
You also visited: Labyrinth and Sewer.

You collected 5000 gold pieces.
You spent 2374 gold pieces at shops.

Inventory:

Hand Weapons
 B - a +9 lajatang of electrocution (weapon)
Missiles
 d - 14 throwing nets (quivered)
Armour
 c - a +2 helmet (worn)
 q - a +8 pearl dragon armour (worn)
 x - the +0 pair of boots of the Nexus (worn) {rN+ MR+ rCorr MP-9}
   (Okawaru gifted it to you on level 1 of the Vaults)

   It protects you from negative energy.
   It affects your resistance to hostile enchantments.
   It affects your magic capacity (-9).
   It protects you from acid and corrosion.
 y - a +2 cloak (worn)
 F - a +0 pair of gloves of dexterity (worn)
Rods
 N - a +0 rod of inaccuracy (11/11)
   (You found it in a labyrinth)
Jewellery
 h - an amulet of regeneration (around neck)
 p - an uncursed ring of protection from magic
 A - the ring of Bueru (left hand) {Str+4 Slay+5}
   (You bought it in a shop on level 11 of the Dungeon)

   [ring of slaying]

   It affects your strength (+4).
   It affects your accuracy and damage with ranged weapons and melee attacks
   (+5).
 G - an uncursed ring of protection from cold
 I - the ring "Hyroqimn" (right hand) {*Drain rPois rF+ Str+4}
   (You found it on level 3 of the Shoals)

   [ring of protection from fire]

   It affects your strength (+4).
   It protects you from fire.
   It protects you from poison.
   It causes draining when unequipped.
 Q - a cursed -2 ring of protection {unknown}
 X - an uncursed amulet of resist corrosion {unknown}
 Y - an uncursed ring of protection from fire
Wands
 a - a wand of cold (4)
 o - a wand of teleportation (3)
 v - a wand of draining (4)
 C - a wand of cold (11)
 D - a wand of paralysis (10)
 E - a wand of enslavement (3)
 K - a wand of confusion (36)
 M - a wand of slowing (34)
 V - a wand of digging (8)
Scrolls
 i - 3 scrolls of fog
 j - 15 scrolls of remove curse
 m - 4 scrolls of magic mapping
 t - 17 scrolls of identify
 w - a scroll of summoning
 P - a scroll of teleportation
 R - a scroll of recharging
 W - a scroll of blinking
 Z - 4 scrolls of fear
Potions
 b - a potion of might
 f - 2 potions of haste
 g - 2 potions of curing
 r - a potion of invisibility
 H - a potion of agility
 L - 2 potions of magic
 O - 4 potions of cancellation
 S - 4 potions of flight
 U - a potion of berserk rage
Books
 e - a book of Enchantments

   Spells                             Type                      Level
   a - Cause Fear                     Hexes                        4
   b - Yara's Violent Unravelling     Hexes/Transmutation          5
   c - Silence                        Hexes/Air                    5
   d - Deflect Missiles               Charms/Air                   6
   e - Haste                          Charms                       6
   f - Discord                        Hexes                        8
 z - a book of the Tempests

   Spells                             Type                      Level
   a - Static Discharge               Conjuration/Air              3
   b - Lightning Bolt                 Conjuration/Air              5
   c - Fireball                       Conjuration/Fire             5
   d - Tornado                        Air                          9
   e - Shatter                        Earth                        9
Comestibles
 k - 2 beef jerkies
 n - 46 fruits
 s - 5 slices of pizza
 u - 11 meat rations
 J - 2 royal jellies
 T - 6 bread rations


   Skills:
 - Level 18.3 Fighting
   Level 12.9 Short Blades
   Level 6.0(11.1) Polearms
 - Level 15.4(15.8) Staves
 - Level 2.1 Throwing
 - Level 11.0 Armour
 - Level 21.2 Dodging
   Level 6.2 Shields
 - Level 7.2 Translocations
 + Level 7.5 Transmutations
 + Level 12.0 Earth Magic


You had 3 spell levels left.
You knew the following spells:

 Your Spells              Type           Power        Failure   Level  Hunger
a - Statue Form           Trmt/Erth      ###......    100%        6    #######
b - Apportation           Tloc           ##........   6%          1    ##.....
c - Tukima's Dance        Hex            #.......     100%        3    ####...
d - Repel Missiles        Chrm/Air       #.....       97%         2    ###....
e - Blink                 Tloc           N/A          10%         2    ###....
f - Silence               Hex/Air        #.........   100%        5    ######.


Dungeon Overview and Level Annotations

Branches:
Dungeon (15/15)            Temple (1/1) D:7            Lair (8/8) D:9
 Shoals (4/4) Lair:4        Snake (4/4) Lair:3        Slime (0/6) Lair:8
    Orc (4/4) D:10            Elf (1/3) Orc:4        Vaults (4/5) D:13
  Crypt (0/3) Vaults:2     Depths (2/5) D:15

Altars:
Ashenzari
Cheibriados
Elyvilon
Fedhas
Gozag
Kikubaaqudgha
Nemelex Xobeh
Okawaru
Pakellas
Qazlal
Ru
Sif Muna
Vehumet
Xom
Yredelemnul
Zin
The Shining One
Jiyva

Shops:
D:4 !   D:6 :   D:11 =   D:13 *   D:15 [(   Orc:4 %%(}   Shoals:2 :   Snake:1 ?

Portals:
Hell: Depths:2
Pandemonium: Orc:4
Trove: Vaults:1 (give 2 scrolls of acquirement)

Annotations:
D:4 vible's ghost, amateur DDFi
Lair:3 exclusion: oklob plant
Shoals:4 Ilsuiw
Snake:3 exclusion: downstairs
Depths:1 3 exclusions


Innate Abilities, Weirdness & Mutations

You are small and have problems with some larger weapons.
You are somewhat resistant to further mutation.


Message History

The hell knight seems to speed up.
The vampire knight gestures at you while chanting.
You suddenly lose the ability to move!
The spark wasp stings you. The spark wasp shocks you!
The spark wasp stings you! The spark wasp shocks you!
The spark wasp stings you.
* * * LOW HITPOINT WARNING * * *
The spark wasp shocks you!
* * * LOW HITPOINT WARNING * * *
The vampire knight gestures wildly while chanting.
The vampire knight flickers and vanishes!
Deactivating autopickup; reactivate with Ctrl-A.
The spark wasp stings you but does no damage.
The spark wasp stings you!
* * * LOW HITPOINT WARNING * * *
The spark wasp shocks you!
* * * LOW HITPOINT WARNING * * *
The iron giant throws iron shot at you.
Helpless, you fail to dodge the iron shot.
You die...

... ..# ...#. #
..... #.###
....≈.
....####......
###..#........
#....@Q.......
........y≈..####
#.###.C.....#
#.p......#
....####''#
≈.≈.. ....
...≈.. .....
..≈≈.. ..### #++
#..


You could see an iron giant, a tengu reaver, a spark wasp and a hell knight.

Vanquished Creatures
  Frederick (Vaults:4)
  2 liches (Depths:1)
  A tentacled monstrosity (Vaults:4)
  A sphinx (Depths:1)
  An ancient champion (Vaults:2)
  3 tengu reavers
  15 greater nagas
  A shadow dragon (Vaults:3)
  2 storm dragons
  4 fire giants
  Donald (D:12)
  Maud (Lair:4)
  An iron dragon (Vaults:4)
  5 frost giants
  3 deep elf sorcerers
  9 vault wardens
  Aizul (Snake:2)
  8 stone giants
  A ghoul (Vaults:2)
  18 ironheart preservers
  A war gargoyle (Vaults:1)
  A vampire knight (Vaults:4)
  2 salamander stormcallers
  9 very ugly things
  A deep elf demonologist (Vaults:4)
  Nessos (Lair:7)
  The ghost of ordcoder the Grappler, a journeyman VSMo of Elyvilon (Orc:4)
  2 deep elf annihilators
  5 ettins
  4 merfolk javelineers
  3 fire dragons
  A deep elf high priest (Vaults:4)
  A minotaur (Lab)
  10 vault guards
  2 deep elf death magi
  7 yaktaur captains
  The ghost of sefie the Destroyer, a journeyman OpCj of Sif Muna (Lair:5)
  4 merfolk impalers
  2 great orbs of eyes
  5 rakshasas
  5 hydras
  17 naga warriors
  12 ogre magi
  8 centaur warriors
  An alligator snapping turtle (Shoals:3)
  4 merfolk avatars
  5 merfolk aquamancers
  10 anacondas
  6 satyrs
  A spriggan berserker (Depths:1)
  3 vampire magi (Vaults:4)
  3 deep troll shamans
  A tengu warrior (D:13)
  A soul eater (Orc:4)
  7 orc high priests
  5 shock serpents
  11 naga sharpshooters
  4 deep elf knights
  A deep troll earth mage (Vaults:2)
  Sonja (Orc:3)
  3 salamander mystics
  A fire crab (Vaults:3)
  2 fire crabs (shapeshifter) (Depths:1)
  19 sea snakes
  18 deep trolls
  3 skeletal warriors
  An infernal demonspawn (Orc:4)
  2 giant orange brains
  2 shadow wraiths
  2 unseen horrors (Vaults:1)
  8 naga ritualists
  4 deep elf summoners
  12 ironbrand convokers
  3 small abominations
  21 harpies
  7 hill giants
  A phantasmal warrior (Vaults:2)
  23 orc knights
  A putrid demonspawn (Orc:4)
  4 deep elf conjurers
  7 mana vipers
  A torturous demonspawn (Orc:4)
  7 wolf spiders
  37 ugly things
  8 orc sorcerers
  A moth of wrath (shapeshifter) (Vaults:4)
  5 manticores
  A necromancer (Vaults:1)
  2 hornets
  3 wizards (D:15)
  A water nymph (Shoals:1)
  14 cyclopes
  9 fauns
  9 griffons
  13 elephants
  10 sirens
  23 slime creatures
  3 centaur zombies
  13 salamanders
  11 spiny frogs
  9 vault sentinels
  38 black mambas
  4 gargoyles (Lab)
  15 naga magi
  3 orange demons (Orc:4)
  A kobold demonologist (Vaults:3)
  19 guardian serpents
  12 komodo dragons
  An ice devil (Orc:4)
  An efreet (D:15)
  35 yaktaurs
  A spiny frog (shapeshifter) (Vaults:1)
  A yaktaur (shapeshifter) (Vaults:2)
  A komodo dragon (shapeshifter) (Vaults:2)
  2 freezing wraiths (Vaults:2)
  2 fire drakes (shapeshifter)
  4 fire drakes
  A tengu conjurer (D:13)
  3 red devils
  A jumping spider (shapeshifter) (Vaults:2)
  2 queen bees (shapeshifter)
  6 trolls
  2 two-headed ogres (shapeshifter)
  22 two-headed ogres
  29 merfolk
  3 deep elf priests
  Prince Ribbit (D:8)
  3 wind drakes
  11 polar bears
  A raiju (Lair:8)
  17 blink frogs
  7 boulder beetles
  7 snapping turtles
  10 water elementals
  A spriggan (shapeshifter) (Vaults:2)
  A hog (shapeshifter) (Depths:2)
  11 deep elf fighters
  7 basilisks
  44 yaks
  11 deep elf magi
  10 hippogriffs
  A golden eye (shapeshifter) (Vaults:1)
  16 humans
  3 wyverns
  A neqoxec (Orc:4)
  A wraith (Vaults:2)
  6 hungry ghosts
  A fire bat (shapeshifter) (Vaults:4)
  3 steam dragons
  Edmund (D:6)
  4 mottled dragons
  15 vampire mosquitoes
  17 wolves
  43 nagas
  18 water moccasins
  2 swamp drakes (Lair:8)
  12 wargs
  12 porcupines
  Duvessa (D:5)
  4 hell hounds (Lair:8)
  An eye of draining (shapeshifter) (D:15)
  46 ogres
  59 orc warriors
  6 ice beasts
  5 sky beasts
  15 black bears
  4 wasps
  A tengu (D:6)
  An eye of draining (D:10)
  2 phantoms
  20 centaurs
  5 big kobolds
  18 crocodiles
  A deep troll simulacrum (Vaults:2)
  A gnoll sergeant (D:8)
  17 giant frogs
  4 wyvern zombies
  Dowan (D:5)
  3 scorpions
  8 wights
  12 killer bees
  2 electric eels
  A giant frog zombie (D:9)
  7 crimson imps
  16 hounds
  A quasit (D:8)
  43 orc priests
  6 centaur skeletons
  16 jellies
  33 orc wizards
  2 giant frog skeletons
  A hell rat (D:9)
  9 iguanas
  11 worker ants
  15 sheep
  A worker ant zombie (D:8)
  14 adders
  8 gnolls
  3 shadow imps
  56 river rats
  9 oozes (Lair:3)
  An adder zombie (D:7)
  2 worms
  10 giant geckos
  202 orcs
  9 bats
  6 giant cockroaches
  4 goblins
  3 hobgoblins (D:1)
  9 jackals
  26 kobolds
  6 quokkas
  2 ball pythons
  13 giant newts
  13 rats
  2 crawling corpses (Vaults:4)
  A fire vortex (Depths:1)
1877 creatures vanquished.

Vanquished Creatures (others)
  2 eldritch tentacles
  An ogre mage (Vaults:2)
  A salamander mystic (Snake:4)
  A guardian serpent (Snake:4)
  A black mamba (Snake:2)
  A deep elf fighter (Vaults:4)
  An entropy weaver simulacrum (Vaults:2)
  A naga (Snake:4)
  3 orcs (Elf:1)
  256 eldritch tentacle segments
  A fire vortex (Vaults:2)
  9 fungi
  16 plants
294 creatures vanquished.

Grand Total: 2171 creatures vanquished

Notes
Turn   | Place    | Note
--------------------------------------------------------------
     0 | D:1      | Arkorax the Halfling Gladiator began the quest for the Orb.
     0 | D:1      | Reached XP level 1. HP: 14/14 MP: 1/1
    59 | D:1      | Reached XP level 2. HP: 5/19 MP: 2/2
   869 | D:1      | Reached XP level 3. HP: 24/24 MP: 3/3
  1076 | D:2      | Found a sparkling altar of Nemelex Xobeh.
  1084 | D:2      | Reached skill level 4 in Dodging
  1171 | D:1      | Reached XP level 4. HP: 7/30 MP: 4/4
  1767 | D:2      | Found a faded altar to an unknown god.
  1951 | D:2      | Reached XP level 5. HP: 32/36 MP: 5/5
  2071 | D:3      | Found a glowing drain.
  2176 | Sewer    | Entered a sewer
  2766 | D:3      | Reached skill level 5 in Dodging
  2838 | D:3      | Reached XP level 6. HP: 24/42 MP: 6/6
  3848 | D:4      | Noticed vible's ghost (amateur DDFi)
  4240 | D:4      | Found Seoden's Distillery.
  4243 | D:4      | Bought a potion of heal wounds for 50 gold pieces
  4243 | D:4      | Bought a potion of heal wounds for 50 gold pieces
  4259 | D:4      | Reached XP level 7. HP: 44/47 MP: 7/7
  4438 | D:5      | Entered Level 5 of the Dungeon
  4467 | D:5      | Found a radiant altar of Vehumet.
  4816 | D:5      | Got a warped rapier
  4817 | D:5      | Identified the +8 rapier of Linearity {pierce, +Blink Str+2} (You found it on level 5 of the Dungeon)
  4893 | D:5      | Noticed Duvessa
  4894 | D:5      | Noticed Dowan
  4908 | D:5      | Killed Duvessa
  4908 | D:5      | Reached skill level 1 in Short Blades
  4908 | D:5      | Reached skill level 6 in Dodging
  4910 | D:5      | Reached XP level 8. HP: 36/54 MP: 8/8
  4918 | D:5      | Killed Dowan
  5355 | D:6      | Reached skill level 5 in Fighting
  5389 | D:6      | Reached skill level 7 in Dodging
  5755 | D:5      | Reached XP level 9. HP: 56/62 MP: 9/9
  5950 | D:6      | Reached skill level 5 in Short Blades
  5952 | D:6      | Noticed Edmund
  5973 | D:6      | Killed Edmund
  6346 | D:6      | Found Hoeperas's Book Shoppe.
  6818 | D:7      | Found a staircase to the Ecumenical Temple.
  6822 | D:7      | Paralysed by a wasp for 1 turns
  6833 | D:7      | Reached skill level 8 in Dodging
  6860 | Temple   | Entered the Ecumenical Temple
  6875 | Temple   | Became a worshipper of Warmaster Okawaru
  7069 | D:7      | Reached XP level 10. HP: 31/72 MP: 10/10
  7085 | D:7      | Reached * piety under Okawaru
  7630 | D:8      | Noticed Prince Ribbit
  7641 | D:8      | Killed Prince Ribbit
  8232 | D:8      | Reached skill level 9 in Fighting
  8515 | D:8      | Found a deep blue altar of Sif Muna.
  8545 | D:8      | Found a sacrificial altar of Ru.
  8594 | D:8      | Found a basalt altar of Yredelemnul.
  8904 | D:9      | Found a glowing silver altar of Zin.
  8907 | D:9      | Found a shattered altar of Ashenzari.
  8907 | D:9      | Found a glowing golden altar of the Shining One.
  8907 | D:9      | Found a stormy altar of Qazlal.
  8976 | D:9      | Reached ** piety under Okawaru
  9428 | D:9      | Found a staircase to the Lair.
  9469 | D:9      | Reached XP level 11. HP: 59/81 MP: 11/11
  9487 | D:9      | Reached *** piety under Okawaru
 10222 | D:10     | Entered Level 10 of the Dungeon
 10226 | D:10     | Noticed a hill giant
 10586 | Lair:1   | Entered Level 1 of the Lair of Beasts
 10596 | D:9      | Reached skill level 10 in Fighting
 10781 | Lair:1   | Reached skill level 10 in Dodging
 11220 | Lair:1   | Noticed a seven-headed hydra
 11236 | Lair:1   | Killed a seven-headed hydra
 11353 | Lair:1   | Reached **** piety under Okawaru
 12155 | Lair:2   | Reached skill level 5 in Shields
 12649 | Lair:2   | Reached ***** piety under Okawaru
 12649 | Lair:2   | Reached XP level 12. HP: 68/89 MP: 12/12
 12651 | Lair:2   | Gained mutation: You are occasionally teleported next to monsters. [mutagenic glow]
 12776 | Lair:2   | Lost mutation: You are occasionally teleported next to monsters. [potion of cure mutation]
 13152 | Lair:3   | Found a staircase to the Snake Pit.
 13658 | Lair:3   | Reached skill level 11 in Fighting
 13750 | Lair:3   | Reached skill level 1 in Armour
 14353 | Lair:3   | Received a gift from Okawaru
 14813 | Lair:4   | Noticed Maud
 14849 | Lair:4   | Killed Maud
 15185 | Lair:4   | Reached skill level 5 in Armour
 15225 | Lair:4   | Found a staircase to the Shoals.
 15317 | Lair:4   | Noticed an eight-headed hydra
 15337 | Lair:4   | Killed an eight-headed hydra
 15517 | Lair:4   | Reached skill level 12 in Dodging
 15667 | Lair:4   | Reached XP level 13. HP: 87/96 MP: 13/13
 15917 | Lair:5   | Noticed sefie's ghost (journeyman OpCj)
 16014 | Lair:5   | Killed sefie's ghost
 16757 | Lair:6   | Found a labyrinth entrance.
 16766 | Lab      | Entered a labyrinth
 17209 | Lab      | Noticed a minotaur
 17221 | Lab      | Killed a minotaur
 17296 | Lab      | Got a steaming amber ring
 17305 | Lab      | Identified the cursed ring "Kaaluatz" {+Inv rElec rPois Int-2} (You found it in a labyrinth)
 17309 | Lab      | Identified a +0 rod of inaccuracy (11/11) (You found it in a labyrinth)
 17326 | Lab      | Got a smelly scale mail
 17338 | Lab      | Identified the cursed +1 scale mail of a sewer {rC+ rN++} (You found it in a labyrinth)
 17346 | Lab      | Got a bone whip
 17347 | Lab      | Identified the +4 whip of Generosity {slash, rC++ rN++ Dex-5} (You found it in a labyrinth)
 17456 | Lair:6   | Reached skill level 13 in Dodging
 17519 | Lair:6   | Received a gift from Okawaru
 17743 | Lair:6   | Received a gift from Okawaru
 18523 | Lair:7   | Received a gift from Okawaru
 18533 | Lair:7   | Reached XP level 14. HP: 89/104 MP: 14/14
 18778 | Lair:7   | Noticed Nessos
 18783 | Lair:7   | Received a gift from Okawaru
 18808 | Lair:7   | Killed Nessos
 19121 | Lair:8   | Entered Level 8 of the Lair of Beasts
 19185 | Lair:8   | Found a staircase to the Slime Pits.
 19186 | Lair:8   | Found a viscous altar of Jiyva.
 19236 | Lair:8   | Reached skill level 14 in Dodging
 19348 | Lair:8   | Identified Toyfa's Catalogue of Stolen Souls
 19444 | Lair:8   | Reached skill level 10 in Armour
 19456 | Lair:8   | Received a gift from Okawaru
 19704 | Lair:8   | Received a gift from Okawaru
 20686 | Lair:8   | Reached ****** piety under Okawaru
 20686 | Lair:8   | Received a gift from Okawaru
 20825 | Lair:8   | Received a gift from Okawaru
 21343 | D:10     | Found a staircase to the Orcish Mines.
 21392 | D:10     | Reached XP level 15. HP: 98/112 MP: 0/15
 21435 | D:10     | Reached skill level 15 in Dodging
 22469 | D:11     | Found Puqesiot's Jewellery Boutique.
 22711 | D:11     | Identified a scroll of acquirement
 22938 | Orc:1    | Entered Level 1 of the Orcish Mines
 23174 | Orc:2    | Reached skill level 16 in Dodging
 23836 | D:11     | Bought the ring of Bueru {Str+4 Slay+5} for 1729 gold pieces
 24114 | D:12     | Reached skill level 17 in Dodging
 24277 | D:12     | Found a basalt altar of Yredelemnul.
 24568 | D:13     | Found a gate to the Vaults.
 24568 | D:13     | Noticed Donald
 24590 | D:12     | Killed Donald
 24605 | D:12     | Reached skill level 18 in Dodging
 24671 | D:12     | Received a gift from Okawaru
 24841 | D:13     | Reached skill level 10 in Short Blades
 25135 | D:13     | Found an opulent altar of Gozag.
 25139 | D:13     | Found Gozag's Platinum Reserve.
 25882 | D:14     | Received a gift from Okawaru
 25987 | D:14     | You fall through a shaft!
 25987 | D:15     | Entered Level 15 of the Dungeon
 26019 | D:15     | Found Bivarroere's Antique Weapon Shoppe.
 26022 | D:15     | Bought an ichor-stained falchion for 240 gold pieces
 26024 | D:15     | Identified the cursed +2 falchion of Ocip {slice, rPois rN++ Int+3} (You bought it in a shop on level 15 of the Dungeon)
 26311 | D:15     | Received a gift from Okawaru
 26311 | D:15     | Reached XP level 16. HP: 106/120 MP: 16/16
 26529 | D:15     | Found a staircase to the Depths.
 26761 | D:15     | Found Oschuum's Antique Armour Boutique.
 26808 | D:14     | Reached skill level 19 in Dodging
 27550 | Orc:3    | Noticed Sonja
 27561 | Orc:3    | Killed Sonja
 27889 | Orc:4    | Entered Level 4 of the Orcish Mines
 28048 | Orc:4    | Noticed ordcoder's ghost (journeyman VSMo)
 28071 | Orc:4    | Killed ordcoder's ghost
 28312 | Orc:4    | Found a staircase to the Elven Halls.
 28457 | Orc:4    | Found Zefy's Food Shop.
 28459 | Orc:4    | Found Zuits's Food Boutique.
 28505 | Orc:4    | Received a gift from Okawaru
 28594 | Orc:4    | Reached skill level 15 in Fighting
 29018 | Orc:4    | Reached skill level 1 in Polearms
 29124 | Orc:4    | Received a gift from Okawaru
 29127 | Orc:4    | Got a distressingly furry plate armour {god gift}
 29138 | Orc:4    | Identified the +8 plate armour "Veese Byask" {Stlth+} (Okawaru gifted it to you on level 4 of the Orcish Mines)
 29152 | Orc:4    | Found Vaitzu's Gadget Shoppe.
 29152 | Orc:4    | Found a one-way gate leading to the halls of Pandemonium.
 29152 | Orc:4    | Found Peotsasch's Antique Weapon Emporium.
 29749 | Snake:1  | Entered Level 1 of the Snake Pit
 29757 | Snake:1  | Reached XP level 17. HP: 118/127 MP: 14/17
 29868 | Snake:1  | Found a sacrificial altar of Ru.
 30160 | Snake:1  | Found Nidirhas's Magic Scroll Shoppe.
 30174 | Snake:1  | Bought a scroll of enchant armour for 127 gold pieces
 30174 | Snake:1  | Bought a scroll of enchant armour for 127 gold pieces
 30174 | Snake:1  | Bought a scroll of teleportation for 51 gold pieces
 30764 | Snake:2  | Noticed Aizul
 30809 | Snake:2  | Killed Aizul
 31066 | Snake:2  | Reached skill level 5 in Polearms
 31243 | Snake:2  | Reached skill level 20 in Dodging
 31615 | Snake:3  | Received a gift from Okawaru
 32004 | Snake:3  | Reached skill level 5 in Staves
 33475 | Snake:4  | Entered Level 4 of the Snake Pit
 33927 | Elf:1    | Entered Level 1 of the Elven Halls
 33928 | Elf:1    | Reached XP level 18. HP: 131/134 MP: 18/18
 35080 | Snake:4  | Received a gift from Okawaru
 35457 | Shoals:1 | Entered Level 1 of the Shoals
 35693 | Shoals:1 | Reached skill level 21 in Dodging
 36057 | Shoals:1 | Learned a level 6 spell: Statue Form
 36383 | Shoals:1 | You fall through a shaft!
 36646 | Shoals:1 | Learned a level 1 spell: Apportation
 36650 | Shoals:1 | Learned a level 3 spell: Tukima's Dance
 36732 | Shoals:1 | Reached skill level 1 in Translocations
 36821 | Shoals:2 | Found Humowk's Book Shop.
 37041 | Shoals:2 | Received a gift from Okawaru
 37248 | Shoals:3 | Learned a level 2 spell: Repel Missiles
 37251 | Shoals:3 | Learned a level 2 spell: Blink
 37297 | Shoals:3 | Received a gift from Okawaru
 37704 | Shoals:3 | Got a slimy pewter ring
 37706 | Shoals:3 | Identified the ring "Hyroqimn" {*Drain rPois rF+ Str+4} (You found it on level 3 of the Shoals)
 37943 | Shoals:3 | Reached skill level 5 in Translocations
 38117 | Shoals:3 | Reached XP level 19. HP: 139/139 MP: 19/19
 38373 | Shoals:4 | Entered Level 4 of the Shoals
 38804 | Shoals:4 | Noticed Ilsuiw
 39327 | Shoals:3 | Received a gift from Okawaru
 39375 | Shoals:4 | Reached skill level 10 in Staves
 39452 | Shoals:4 | Got a barnacled rune of Zot
 40237 | Snake:4  | Received a gift from Okawaru
 41053 | Snake:4  | Reached XP level 20. HP: 147/147 MP: 20/20
 41174 | Snake:4  | Received a gift from Okawaru
 41408 | Snake:4  | Got a serpentine rune of Zot
 42232 | Vaults:1 | Entered Level 1 of the Vaults
 42310 | Vaults:1 | Found a portal to a secret trove of treasure.
 42564 | Vaults:1 | Received a gift from Okawaru
 43445 | Vaults:1 | Reached skill level 1 in Earth Magic
 43465 | Vaults:1 | Received a gift from Okawaru
 43477 | Vaults:1 | Got a pair of smoking boots {god gift}
 43488 | Vaults:1 | Identified the +0 pair of boots of the Nexus {rN+ MR+ rCorr MP-9} (Okawaru gifted it to you on level 1 of the Vaults)
 44243 | Vaults:2 | Reached XP level 21. HP: 148/156 MP: 12/21
 44466 | Vaults:2 | Reached skill level 5 in Earth Magic
 45047 | Vaults:2 | Found a staircase to the Crypt.
 45058 | Vaults:2 | Received a gift from Okawaru
 45074 | Vaults:2 | Reached skill level 1 in Transmutations
 46156 | Vaults:3 | Received a gift from Okawaru
 46174 | Vaults:3 | Got a pair of steaming boots {god gift}
 46193 | Vaults:2 | Identified the -5 pair of boots "Hapta" {rC+} (Okawaru gifted it to you on level 3 of the Vaults)
 47071 | Vaults:3 | Reached XP level 22. HP: 163/163 MP: 13/22
 47740 | Vaults:4 | Reached skill level 5 in Transmutations
 47928 | Vaults:4 | Reached skill level 10 in Earth Magic
 48038 | Vaults:4 | Noticed Frederick
 48051 | Vaults:4 | Killed Frederick
 48064 | Vaults:4 | Received a gift from Okawaru
 48367 | Vaults:4 | Received a gift from Okawaru
 49532 | Vaults:4 | Received a gift from Okawaru
 49544 | Vaults:4 | Got a heavily runed ring mail {god gift}
 49562 | Vaults:4 | Identified the +1 ring mail of Amelioration {-Tele rF+ rN+ Int+3} (Okawaru gifted it to you on level 4 of the Vaults)
 49972 | Vaults:4 | Reached XP level 23. HP: 169/169 MP: 14/23
 50130 | Depths:1 | Entered Level 1 of the Depths
 50908 | Depths:1 | Found an oddly glowing altar of Pakellas.
 51459 | Depths:1 | Received a gift from Okawaru
 51468 | Depths:1 | Got a faintly humming cloak {god gift}
 51474 | Depths:1 | Identified the +0 cloak "Otexiad" {-Tele Regen+ Dex+5 Stlth-} (Okawaru gifted it to you on level 1 of the Depths)
 51536 | Depths:2 | Found a gateway to Hell.
 51992 | Depths:1 | Reached skill level 15 in Staves
 52000 | Depths:2 | Noticed an iron giant
 52427 | Depths:1 | Learned a level 5 spell: Silence
 52614 | Depths:2 | Paralysed by a vampire knight for 5 turns
 52617 | Depths:2 | HP: 3/171 [spark wasp (15)]
 52617 | Depths:2 | Killed from afar by an iron giant

Vault maps used:
D:1:      ncdulo_watergridlock, st_stairs_5, kennysheep_pointless_box
D:2:      minmay_kobold_bridge, lemuel_crystal_altar, ecumenical_altar_1
D:3:      first_bread, portal_sewer_entry_d, minmay_misc_feat_tiny
D:4:      serial_shops, shop
D:5:      old_standard_altar, kennysheep_small_square, uniq_duvessa
D:6:      serial_shops, shop_fountains, uniq_edmund
D:7:      minmay_temple_entry_grid
D:8:      nicolae_ru_awakened_eye, marbit_many_paths, led_sif_pool,
          uniq_prince_ribbit1
D:9:      grunt_temple_overflow_open, dpeg_lair_monsters
D:10:     david_orc_3
D:11:     kennysheep_six_static_rooms, serial_shops, shop, eino_tiny_chamber,
          blue_anna_alchemist
D:12:     basic_altar
D:13:     david_vaults_3, fountainhead, nicolae_gozag_zags_fifth_avenue
D:14:     nrook_pool_corridor
D:15:     grunt_enter_depths_magical_seal, serial_shops,
          nicolae_shop_behind_doors, nicolae_shop_trees
Temple:   circular_temple_12
Lair:1:   cheibrodos_lair_reptile_den, serial_bayou_shore_b
Lair:2:   grunt_forest_large_clearings, serial_bayou_shore_a
Lair:3:   lemuel_slime, guppyfry_snake_entry_garden, serial_bayou_pond_a,
          infiniplex_staircase_pool, lemuel_fruit_fields
Lair:4:   elwin_shoals_entry_rocks, uniq_maud
Lair:6:   lab_entry_generic, columned_hall_lemuel
Lair:7:   uniq_nessos
Lair:8:   hangedman_lair_caniforms_friends, guppyfry_lair_end_dragon,
          slime_altar_1
Shoals:1: cheibrodos_shoals_oceanic_diplomacy, hangedman_shoals_cup_caves
Shoals:2: serial_shops, shop
Shoals:4: shoals_end_simple, shoals_ilsuiw_alternative
Snake:1:  serial_shops, shop, basic_altar
Snake:2:  uniq_aizul
Snake:3:  lemuel_fruit_tree
Snake:4:  snake_hunt, st_stairs_14
Orc:1:    mines2_david
Orc:2:    nicolae_orc_tapped_out
Orc:3:    nicolae_orc_pool_cavern, uniq_sonja
Orc:4:    pf_orc_diabolical
Elf:1:    minmay_elf_arrival_summoners, orc_legates
Vaults:1: hangedman_vaults_slither, vaults_dpeg_ring, vaults_mumra_minichess,
          v_alt_pattern_1, nicolae_vaults_mini_display_case, v_misc_32,
          ontoclasm_vaults_eye, v_pattern_2, ontoclasm_vaults_gateway,
          nicolae_trove_entry_free_sample
Vaults:2: nicolae_vaults_big_ls, v_misc_1, hangedman_vaults_hat,
          v_alt_pattern_4, minmay_crypt_entry_simple_round, vaults_room_octagon,
          special_room_vaults, nicolae_vaults_asterisk, dpeg_vaults_monster_box,
          vaults_mumra_chevron_long, vaults_mumra_hexcomb, v_misc_4
Vaults:3: v_misc_14, nicolae_vaults_ring_of_whatevers, ontoclasm_vaults_gallery,
          ontoclasm_vaults_bender, v_misc_28, nicolae_vaults_little_squares_4,
          nicolae_vaults_stairing_the_circle, vaults_room_semicircle
Vaults:4: ontoclasm_vaults_idyll, hangedman_vaults_restitches, v_pattern_5,
          st_greater_box_5, v_misc_24, hangedman_vaults_stream,
          hangedman_vaults_maws, v_rooms_5, vaults_mumra_lcd,
          nicolae_vaults_diagonal_hallway_8, nicolae_vaults_asterisk, v_misc_33,
          uniq_frederick
Depths:1: hellmouth_1, grunt_ministairs_1, kennysheep_small_circle
Depths:2: hangedman_arch_fort, special_room, hell_entry, serial_bayou_shore_b,
          minmay_staircase_bubble, serial_bayou_shore_b, firewood_loft
Lab:      labyrinth_glass_1, labyrinth_lava_lair, nicolae_lab_diamond,
          nicolae_lab_quarters, lab_hedge, labyrinth_skeletal_remains
Sewer:    sewer_co_cracked_pipes

Action                   |  1- 3 |  4- 6 |  7- 9 | 10-12 | 13-15 | 16-18 | 19-21 | 22-24 || total
-------------------------+-------+-------+-------+-------+-------+-------+-------+-------++-------
Melee: Quarterstaff      |    97 |   239 |    58 |       |       |       |       |       ||   394
       Rapier            |       |       |   221 |   828 |  2141 |   744 |       |       ||  3934
       Unarmed           |       |       |     8 |       |       |       |       |       ||     8
       Whip              |       |       |       |       |     2 |       |       |       ||     2
       Demon trident     |       |       |       |       |       |   321 |       |       ||   321
       Lajatang          |       |       |       |       |       |   783 |  1641 |   837 ||  3261
 Cast: Apportation       |       |       |       |       |       |       |     2 |       ||     2
Invok: Heroism           |       |       |       |    11 |    14 |    23 |    11 |       ||    59
       Finesse           |       |       |       |     1 |       |       |     1 |       ||     2
Evoke: Wand              |       |    12 |     1 |    13 |       |     9 |    13 |       ||    48
  Use: Scroll            |       |     5 |       |    20 |    15 |    15 |    18 |    12 ||    85
       Potion            |       |       |     1 |     4 |     4 |    10 |    13 |     1 ||    33
 Stab: Confused          |       |     2 |     1 |       |       |       |       |       ||     3
       Distracted        |       |       |       |     1 |     2 |     1 |       |       ||     4
       Sleeping          |       |       |       |     2 |     5 |     1 |       |       ||     8
       Paralysed         |       |       |       |       |       |     1 |       |       ||     1
       Invisible         |       |       |       |       |       |       |       |     2 ||     2
  Eat: Chunk             |     1 |     7 |     1 |     3 |     5 |       |     1 |     2 ||    20
       Pizza             |       |     1 |       |       |       |     2 |       |     2 ||     5
       Bread ration      |       |     1 |     2 |     3 |     4 |       |     1 |     1 ||    12
       Meat ration       |       |       |       |     2 |     2 |     3 |     3 |     1 ||    11
       Fruit             |       |       |       |       |    17 |     4 |     7 |       ||    28
       Beef jerky        |       |       |       |       |       |    14 |     5 |     3 ||    22
